 Dungeon Crawl Stone Soup version 0.29-a0-993-g4a18f31a58 (webtiles) character file.

Game seed: 10812196929480744400

51 RevDB the Conjurer (level 3, -1/31 HPs)
             Began as a Draconian Conjurer on Aug 2, 2022.
             Slain by Sigmund
             ... wielding a +0 scythe of freezing
              (10 damage)
             ... on level 2 of the Dungeon.
             The game lasted 00:08:44 (1284 turns).

RevDB the Conjurer (Draconian Conjurer)             Turns: 1284, Time: 00:08:45

Health: -1/31      AC:  5    Str:  9    XL:     3   Next: 57%
Magic:  1/6        EV: 12    Int: 20    God:
Gold:   85         SH:  0    Dex:  9    Spells: 4/7 levels left

rFire   . . .      SeeInvis .   h - +2 hand axe (freeze)
rCold   . . .      Faith    .   (no shield)
rNeg    + . .      Spirit   .   (body armour unavailable)
rPois   .          Reflect  .   (helmet restricted)
rElec   .          Harm     .   (no cloak)
rCorr   .          Rampage  .   (no gloves)
Will    .....                   (no boots)
Stlth   +.........              (no amulet)
HPRegen 0.10/turn               c - ring of positive energy
MPRegen 0.10/turn               (no ring)

@: confused
A: AC +5, unfitting armour, cold-blooded
a: no special abilities


You were on level 2 of the Dungeon.
You visited 1 branch of the dungeon, and saw 2 of its levels.

You collected 85 gold pieces.

Inventory:

Hand Weapons
 d - a +0 whip
 h - a +2 hand axe of freezing (weapon)
Jewellery
 c - a ring of positive energy (left hand)
Scrolls
 e - a scroll of torment {unknown}
 f - a scroll of blinking {unknown}
 g - 2 scrolls of teleportation {unknown}
Potions
 a - a potion of magic
 b - 2 potions of heal wounds {unknown}


   Skills:
 - Level 3.0 Fighting
 - Level 1.7 Dodging
 - Level 1.7 Stealth
 + Level 2.6 Spellcasting
 - Level 4.0 Conjurations


You had 4 spell levels left.
You knew the following spells:

 Your Spells              Type           Power      Damage    Failure   Level
a - Magic Dart            Conj           72%        1d6       3%          1
b - Searing Ray           Conj           36%        2d5       4%          2

Your spell library contained the following spells:

 Spells                   Type           Power      Damage    Failure   Level
 Dazzling Flash           Conj/Hex       20%        N/A       21%         3
 Fulminant Prism          Conj/Hex       5%         3d7       54%         4
 Iskenderun's Mystic Bla  Conj/Tloc      10%        2d4       54%         4


Dungeon Overview and Level Annotations

Branches:
Dungeon (2/15)

Altars:

Annotations:
D:2 Sigmund


Innate Abilities, Weirdness & Mutations

Your plain brown scales are hard. (AC +5)
You cannot fit into any form of body armour.
You are cold-blooded and may be slowed by cold attacks.


Message History

Sigmund is lightly wounded. (Press . to maintain the ray.) Sigmund points at you and mumbles some strange words.
You resist with significant effort.
The searing ray hits Sigmund.
Sigmund is lightly wounded.
Sigmund hits you from afar with a +0 scythe of freezing!
Sigmund freezes you.
The searing ray hits Sigmund.
Sigmund is lightly wounded.
The searing ray misses Sigmund.
You finish channelling your searing ray.
Sigmund barely misses you. Sigmund barely misses you.
You closely miss Sigmund.
Sigmund is lightly wounded.
Sigmund hits you with a +0 scythe of freezing!
Sigmund freezes you.
You hit Sigmund. You freeze Sigmund.
Sigmund is moderately wounded.
You hit Sigmund. You freeze Sigmund.
Sigmund is heavily wounded.
Sigmund casts a spell.
Sigmund flickers and vanishes!
Deactivating autopickup; reactivate with Ctrl-A.
You hear some strange, mumbled words.
A magic dart appears from out of thin air!
The magic dart hits you.
* * * LOW HITPOINT WARNING * * *
Aiming: Magic Dart (safe; 3% risk of failure)
Press: ? - help, Q - select action, (/) - cycle Shift-Dir - straight line The magic dart hits something.
Something barely misses you.
You closely miss something. Something barely misses you.
You hit something. You freeze something. You barely miss something.
Your tail-slap misses something.
You hear some strange, mumbled words.
You are confused.
Something hits you!
You die...

...##.#...# #........
.####.#...# #.....##.
......#.(.####......#
.######..........##.#
...............#.# ...
.######...######.# ..
## ####...######.#
..............##{# # #
#######...###'##@##....
.†........##.......##
####...##.##...........
+...............###..
#...##.#.#<........
#...##.#.#.########
######.#.#.. ##
#.#<#### .# #.#.#


There were no monsters in sight!

Vanquished Creatures
  An adder (D:2)
  A dart slug (D:1)
  3 ball pythons
  4 bats
  2 endoplasms
  A giant cockroach (D:1)
  2 goblins (D:1)
  2 hobgoblins
  9 jackals
  4 kobolds
  A frilled lizard (D:1)
  6 rats
36 creatures vanquished.

Vanquished Creatures (others)
  A fungus (D:1)
1 creature vanquished.

Grand Total: 37 creatures vanquished

Notes
Turn   | Place    | Note
-------+----------+-------------------------------------------
     0 | D:1      | RevDB the Draconian Conjurer began the quest for the Orb.
     0 | D:1      | Reached XP level 1. HP: 14/14 MP: 3/3
    60 | D:1      | Reached skill level 1 in Fighting
   158 | D:1      | Reached XP level 2. HP: 15/24 MP: 1/5
   419 | D:1      | Found a faded altar of an unknown god.
   805 | D:2      | Learned a level 2 spell: Searing Ray
   815 | D:2      | Reached XP level 3. HP: 31/31 MP: 0/6
  1272 | D:2      | Noticed Sigmund
  1284 | D:2      | Slain by Sigmund

Illustrated notes

Levels and vault maps discovered:
D:1:      dpeg_arrival_radiant, layout_loops_ring,
          shapermc_ecumenical_altar_acropolis
D:2:      layout_basic, uniq_sigmund

Skill      XL: |  1  2 |
---------------+-------+-----
Fighting       | 1 3 |  3.0
Dodging        | |  1.7
Stealth        | |  1.7
Spellcasting   | |  2.6
Conjurations   | |  4.0

Action                   || total
-------------------------++-------
Melee: Unarmed           ||    39
       Tailslap          ||    10
       Whip              ||    42
       Punch             ||     2
       Hand axe          ||     6
 Cast: Magic Dart        ||    47
       Searing Ray       ||     1
 Stab: Sleeping          ||     1
Armor: Skin              ||    23
Dodge: Dodged            ||    58

Table legend: (Time is in decaauts)
 A = Elapsed time spent in this place.
 B = Non-inter-level travel time spent in this place.
 C = Inter-level travel time spent in this place.
 D = Time resting spent in this place.
 E = Time spent auto-exploring this place.
 F = Levels seen in this place.
 G = Mean time per level.
                   A        B        C        D        E       F      G
               +--------+--------+--------+--------+--------+-----+--------+
         Total |   1290 |   1243 |     47 |     32 |    459 |   2 |  645.0 |
       Dungeon |   1290 |   1243 |     47 |     32 |    459 |   2 |  645.0 |
               +--------+--------+--------+--------+--------+-----+--------+

Top non-repeatable levels by time:
     D:1: 802 daAuts
     D:2: 488 daAuts
